 Dungeon Crawl Stone Soup version 0.16.2-12-gd0ad4c3 (webtiles) character file.

81 SirMakak the Shooter (level 4, -1/33 HPs)
             Began as a Formicid Hunter on Nov 9, 2015.
             Slain by SirMakak's ghost (5 damage)
             ... on level 3 of the Dungeon.
             The game lasted 00:28:48 (2952 turns).

SirMakak the Shooter (Formicid Hunter)              Turns: 2952, Time: 00:28:48

Health: -1/33      AC:  5    Str: 16    XL:     4   Next: 68%
Magic:  5/5        EV: 12    Int: 13    God:
Gold:   147        SH:  0    Dex: 12    Spells: 0 memorised, 3 levels left

rFire  . . .     SeeInvis +     e - +0 hand axe
rCold  . . .     Clarity  .     d - +0 leather armour
rNeg   . . .     SustAb   +     (no shield)
rPois  .         Gourm    .     (helmet unavailable)
rElec  .         Spirit   .     (no cloak)
rCorr  .         Warding  .     k - +1 pair of gloves
rMut   .         Stasis   +     m - +1 pair of boots
MR     .....                    (no amulet)
Stlth  +.........               (no ring)
                                j - ring of sustain abilities

@: not resistant to hostile enchantments, very unstealthy
A: permanent stasis, dig shafts and tunnels, four strong arms, antennae 3,
talons 2, clever 1, deformed body
a: Dig, Shaft Self


You were on level 3 of the Dungeon.
You were not hungry.

You visited 1 branch of the dungeon, and saw 3 of its levels.

You collected 147 gold pieces.

Inventory:

Hand weapons
 a - a +0 short sword
 b - a +1 shortbow
 e - a +0 hand axe (weapon)
Armour
 d - a +0 leather armour (worn)
 k - a +1 pair of gloves (worn)
 m - a +1 pair of boots (worn)
Jewellery
 j - a ring of sustain abilities (left hand)
Scrolls
 h - a scroll of fog
 l - 2 scrolls of identify
Potions
 i - 2 potions of curing
Comestibles
 f - 2 bread rations
 g - a beef jerky


   Skills:
 + Level 2.2 Fighting
 + Level 4.2 Bows
 + Level 1.5 Armour
 + Level 2.1 Dodging
 + Level 1.4 Stealth


You had 3 spell levels left.
You didn't know any spells.

Dungeon Overview and Level Annotations

Branches:
Dungeon (3/15)

Altars:
Dithmenos
Gozag

Annotations:
D:3 SirMakak's ghost, average TrMo


Innate Abilities, Weirdness & Mutations

You are under a permanent stasis effect.
You can dig through walls and to a lower floor.
Your four strong arms can wield two-handed weapons with a shield.
You have a pair of large antennae on your head (SInv).
You have razor-sharp toenails.
Your mind is acute. (Int +2)
Armour fits poorly on your strangely shaped body.


Message History

You shoot an arrow.
The arrow barely misses SirMakak's ghost.
SirMakak's ghost hits you.
Firing (i - inventory): No suitable missiles.
Press: ? - help, Shift-Dir - straight line, f/p - SirMakak's ghost
Aim: SirMakak's ghost (moderately damaged)
Okay, then.
e - a +0 hand axe (weapon)
SirMakak's ghost hits you!
You barely miss SirMakak's ghost.
SirMakak's ghost is moderately damaged.
SirMakak's ghost hits you.
You closely miss SirMakak's ghost.
SirMakak's ghost is moderately damaged.
SirMakak's ghost hits you!
* * * LOW HITPOINT WARNING * * *
You feel better. SirMakak's ghost hits you!
* * * LOW HITPOINT WARNING * * *
SirMakak's ghost hits you.
You die...

#.####.!
###....########
#...........#<#
###.##.####.#.#
#.##....#.#.# #
#.#..#..#.#.#.#
##.####..#.#.#.#
#.W..(((##+#...#
#@####.(.....####
#.# ####(.......#
#.###..##....##.#
#.##....#....# #
#.##.⌠._######
#.#.....#
#.#....##
#.'...8# ###....#


You could see SirMakak's ghost.

Vanquished Creatures
  3 adders (D:2)
  A worm (D:2)
  A giant gecko (D:1)
  5 bats
  5 giant cockroaches
  4 goblins
  4 hobgoblins
  6 kobolds
  4 giant newts
  4 jackals (D:1)
  A quokka (D:2)
  7 rats
45 creatures vanquished.

Notes
Turn   | Place    | Note
--------------------------------------------------------------
     0 | D:1      | SirMakak, the Formicid Hunter, began the quest for the Orb.
     0 | D:1      | Reached XP level 1. HP: 16/16 MP: 1/1
   107 | D:1      | Reached XP level 2. HP: 22/22 MP: 3/3
   245 | D:1      | Gained mutation: You have sharp toenails. [potion of beneficial mutation]
   877 | D:1      | Reached XP level 3. HP: 27/27 MP: 4/4
  1415 | D:2      | Gained mutation: Your mind is acute. (Int +2) [potion of mutation]
  1415 | D:2      | Gained mutation: Armour fits poorly on your strangely shaped body. [potion of mutation]
  1415 | D:2      | Gained mutation: You have razor-sharp toenails. [potion of mutation]
  1553 | D:2      | Reached skill level 4 in Bows
  1937 | D:2      | Reached skill level 1 in Armour
  1937 | D:2      | Reached XP level 4. HP: 31/33 MP: 5/5
  2853 | D:3      | Found an opulent altar of Gozag.
  2853 | D:3      | Found a shadowy altar of Dithmenos.
  2936 | D:3      | Noticed SirMakak's ghost (average TrMo)
  2952 | D:3      | Slain by SirMakak's ghost

Action                   |  1- 3 |  4- 6 || total
-------------------------+-------+-------++-------
Melee: Hand axe          |       |     2 ||     2
 Fire: Shortbow          |    83 |    49 ||   132
 Abil: Dig               |     4 |     1 ||     5
  Use: Potion            |     5 |     2 ||     7
       Scroll            |     2 |     3 ||     5
  Eat: Bread ration      |     1 |       ||     1
       Royal jelly       |     1 |       ||     1
       Pizza             |     1 |       ||     1
